 Dungeon Crawl Stone Soup version 0.21-a0-135-g8dc100c (webtiles) character file.

90 Cecillian the Bolt Thrower (level 4, 0/28 HPs)
             Began as a Kobold Hunter on July 17, 2017.
             Killed from afar by an orc wizard (6 damage)
             ... with a magic dart
             ... on level 3 of the Dungeon.
             The game lasted 00:05:00 (2504 turns).

Cecillian the Bolt Thrower (Kobold Hunter)          Turns: 2504, Time: 00:05:01

Health: 0/28       AC:  4    Str: 10    XL:     4   Next: 85%
Magic:  4/4        EV: 15    Int: 12    God:
Gold:   72         SH:  0    Dex: 15    Spells: 2/3 levels left

rFire    . . .     SeeInvis .   a - +1 hand crossbow
rCold    . . .     Gourm    .   (shield restricted)
rNeg     . . .     Faith    .   c - +0 leather armour
rPois    .         Spirit   .   (no helmet)
rElec    .         Reflect  .   (no cloak)
rCorr    .         Harm     .   e - +0 pair of gloves
MR       .....                  (no boots)
Stlth    ++........             (no amulet)
HPRegen  0.09/turn              (no ring)
MPRegen  0.09/turn              (no ring)

@: no status effects
A: carnivore 3
a: no special abilities


You were on level 3 of the Dungeon.
You were completely stuffed.

You visited 1 branch of the dungeon, and saw 3 of its levels.

You collected 72 gold pieces.

Inventory:

Hand Weapons
 a - a +1 hand crossbow (weapon)
 b - a +0 short sword
 o - a +1 vampiric short sword
 r - a +0 blowgun
Missiles
 d - 51 bolts (quivered)
 h - 48 stones
 s - 8 poisoned needles
Armour
 c - a +0 leather armour (worn)
 e - a +0 pair of gloves (worn)
 m - a +0 buckler
Scrolls
 g - 3 scrolls of enchant armour
 n - a scroll of magic mapping {unknown}
Potions
 j - 2 potions of curing
 p - a potion of mutation {unknown}
 q - a potion of ambrosia {unknown}
Books
 i - a book of Cantrips

   Spells                             Type                      Level
   a - Confusing Touch                Hexes                        1
   b - Animate Skeleton               Necromancy                   1
   c - Summon Small Mammal            Summoning                    1
   d - Apportation                    Translocation                1
Comestibles
 f - 2 meat rations
 k - 3 royal jellies
 l - a chunk of flesh


   Skills:
 + Level 3.0 Fighting
 + Level 5.3 Crossbows
 + Level 3.3 Dodging
 + Level 3.7 Stealth


You had 2 spell levels left.
You knew the following spells:

 Your Spells              Type           Power        Failure   Level  Hunger
a - Confusing Touch       Hex            #.....       41%         1    ##.....


Dungeon Overview and Level Annotations

Branches:
Dungeon (3/15)

Altars:
Fedhas
Makhleb
Zin


Innate Abilities, Weirdness & Mutations

You are small and have problems with some larger weapons.
You are carnivorous and can eat meat at any time.


Message History

There is something else lying underneath.
The floor.
Wield which item (- for none, * to show all)? (? for menu, Esc to quit)
a - a +1 hand crossbow (weapon)
Firing (i - inventory. (,) - cycle):
d - 53 bolts (quivered)
Press: ? - help, Shift-Dir - straight line, f - orc wizard
Aim: an orc wizard, wielding a dagger and wearing a robe (fast)
You shoot a bolt. The bolt closely misses the orc wizard.
The orc wizard hits you with a dagger.
The orc wizard gestures at you while chanting.
The puff of flame hits you!
* * * LOW HITPOINT WARNING * * *
Unknown command.
Firing (i - inventory. (,) - cycle):
d - 52 bolts (quivered)
Press: ? - help, Shift-Dir - straight line, f/p - orc wizard
Aim: an orc wizard, wielding a dagger and wearing a robe (fast)
You shoot a bolt. The bolt barely misses the orc wizard.
The orc wizard points at you and mumbles some strange words.
The magic dart hits you!
You die...

#.........# #.#
#....(....# #.#
#####.....# #.#
#.....# #.#
####.....####.#
#.##..........#
#.........#####
#.#####...o)#
#.....#รท#.#@###
#####.#.#.#...#
#.#.#.###)#
#.#.#.....#
#.........+
###o#######
#..(.....$....
#...o...######
#..o.o..#


You could see an orc wizard.

Vanquished Creatures
  4 adders
  A leopard gecko (D:1)
  3 orcs (D:3)
  12 bats
  3 giant cockroaches
  6 goblins
  3 hobgoblins
  5 kobolds
  A quokka (D:2)
  5 frilled lizards
  8 rats
51 creatures vanquished.

Notes
Turn   | Place    | Note
-------+----------+-------------------------------------------
     0 | D:1      | Cecillian the Kobold Hunter began the quest for the Orb.
     0 | D:1      | Reached XP level 1. HP: 12/12 MP: 1/1
   325 | D:1      | Reached XP level 2. HP: 18/18 MP: 2/2
   743 | D:1      | Reached skill level 5 in Crossbows
   866 | D:1      | Reached XP level 3. HP: 22/22 MP: 3/3
  1213 | D:2      | Found a blossoming altar of Fedhas.
  1545 | D:2      | Learned a level 1 spell: Confusing Touch
  1609 | D:2      | Reached XP level 4. HP: 18/27 MP: 4/4
  2097 | D:2      | Found a burning altar of Makhleb.
  2101 | D:2      | Noticed a blizzard demon
  2102 | D:2      | Found a glowing silver altar of Zin.
  2102 | D:2      | Noticed an angel
  2504 | D:3      | Killed from afar by an orc wizard

Vault maps used:
D:1:      arrival_zaba_pyramid, columned_hall_lemuel
D:2:      grunt_temple_overflow_order_and_chaos_2, fedhas_altar_fruit_tree,
          first_bread

Skill      XL: |  1  2  3  4 |
---------------+-------------+-----
Stealth        | 2 3 |  3.7
Crossbows      | 5 |  5.3
Dodging        | 3 |  3.3
Fighting       | 3 |  3.0

Action                   |  1- 3 |  4- 6 || total
-------------------------+-------+-------++-------
Melee: Short sword       |   146 |    58 ||   204
       Unarmed           |       |     1 ||     1
 Fire: Hand crossbow     |    13 |    10 ||    23
 Cast: Confusing Touch   |       |     1 ||     1
  Use: Scroll            |     3 |     2 ||     5
 Stab: Sleeping          |     5 |     2 ||     7
       Confused          |       |     1 ||     1
  Eat: Chunk             |    10 |     4 ||    14
Armor: Leather armour    |    39 |    10 ||    49
Dodge: Dodged            |   174 |    48 ||   222
